 Dungeon Crawl Stone Soup version 0.31-a0-1576-ga3383bade6 (webtiles) character file.

Game seed: 6825431904669171726

13217 whatisthis the Thaumaturge (level 12, -1/96 HPs)
             Began as a Ghoul Alchemist on Jan 4, 2024.
             Was a Believer of Kikubaaqudgha.
             Slain by a five-headed hydra (9 damage)
             ... on level 2 of the Lair of Beasts.
             The game lasted 00:41:13 (14979 turns).

whatisthis the Thaumaturge (Ghoul Alchemist)       Turns: 14979, Time: 00:41:14

Health: -1/96      AC: 10    Str: 13    XL:     12   Next: 3%
Magic:  32/34      EV: 11    Int: 18    God:    Kikubaaqudgha [**....]
Gold:   697        SH:  0    Dex:  9    Spells: 13/30 levels left

rFire   . . .        i - +4 quarterstaff
rCold   + . .        (shield currently unavailable)
rNeg    + + +        L - +3 leather armour of Lugonu's Grace {Will+}
rPois   ∞            k - +0 helmet
rElec   .            r - +0 cloak
rCorr   .            f - +0 pair of gloves
SInv    .            s - +0 pair of boots
Will    +....        (no amulet)
Stlth   +            K - ring of magical power
HPRegen 0.00/turn    H - ring of wizardry
MPRegen 0.24/turn

%: wizardry (x1)
@: animating dead, inhibited regen
A: claws 1, cold resistance 1, negative energy resistance 3, inhibited
regeneration, torment resistance 2, devour on kill
a: Renounce Religion, Unearth Wretches


You were on level 2 of the Lair of Beasts.
You worshipped Kikubaaqudgha.
Kikubaaqudgha was pleased with you.
You visited 3 branches of the dungeon, and saw 15 of its levels.

You collected 697 gold pieces.

Inventory:

Hand Weapons
 i - a +4 quarterstaff (weapon)
Missiles
 c - 30 poisoned darts
 J - 7 boomerangs
 O - a throwing net
Armour
 f - a +0 pair of gloves (worn)
 k - a +0 helmet (worn)
 r - a +0 cloak (worn)
 s - a +0 pair of boots (worn)
 C - +0 steam dragon scales
 I - the +0 scale mail "Bann" {rC+ Int+4}
   (You found it on level 8 of the Dungeon)

   Int+4:     It affects your intelligence (+4).
   rC+:       It protects you from cold.
 L - the +3 leather armour of Lugonu's Grace (worn) {Will+}
   (You found it on level 9 of the Dungeon)

   Will+:     It increases your willpower.
Jewellery
 B - a +6 ring of strength
 F - a ring of flight
 H - a ring of wizardry (right hand)
 K - a ring of magical power (left hand)
 Q - a +4 ring of slaying
Wands
 a - a wand of quicksilver (2)
 t - a wand of flame (31)
 P - a wand of polymorph (3)
 R - a wand of paralysis (5)
Scrolls
 e - a scroll of acquirement {unknown}
 g - a scroll of immolation {unknown}
 h - 2 scrolls of teleportation
 l - 3 scrolls of fog
 o - a scroll of brand weapon {unknown}
 q - 4 scrolls of amnesia
 u - 2 scrolls of noise {unknown}
 v - a scroll of vulnerability {unknown}
 y - a scroll of enchant armour {unknown}
 D - 3 scrolls of enchant weapon
 E - 2 scrolls of poison
 M - 2 scrolls of blinking {unknown}
 N - 3 scrolls of fear {unknown}
Potions
 b - a potion of magic
 d - 5 potions of heal wounds
 j - 2 potions of invisibility
 n - 5 potions of curing
 p - 2 potions of resistance {unknown}
 w - 2 potions of enlightenment {unknown}
 x - 3 potions of attraction {unknown}
 z - 4 potions of might {unknown}
 A - a potion of brilliance {unknown}
 G - 3 potions of lignification
 S - 2 potions of mutation {unknown}


   Skills:
 + Level 6.0 Fighting
 - Level 1.7 Dodging
 - Level 2.1 Stealth
 + Level 9.6 Spellcasting
 - Level 7.9 Conjurations
 + Level 5.3 Necromancy
 - Level 9.2 Alchemy


You had 13 spell levels left.
You knew the following spells:

 Your Spells              Type           Power      Damage    Failure   Level
a - Sting                 Conj/Alch      100%       1d9       1%          1
b - Mercury Vapours       Alch/Air       50%        N/A       1%          2
c - Mephitic Cloud        Conj/Alch/Air  29%        N/A       1%          3
d - Olgreb's Toxic Radia  Alch           42%        N/A       1%          4
e - Vampiric Draining     Necr           27%        2d7       1%          3
f - Animate Dead          Necr           27%        N/A       4%          4

Your spell library contained the following spells:

 Spells                   Type           Power      Damage    Failure   Level
 Necrotise                Necr           100%       1d9       1%          1
 Cigotuvi's Dreadful Rot  Necr/Alch/Air  52%        N/A       1%          2
 Irradiate                Conj/Alch      19%        3d18      3%          5
 Leda's Liquefaction      Alch/Erth      12%        N/A       6%          4
 Petrify                  Alch/Erth      25%        N/A       6%          4
 Sticky Flame             Fire/Alch      25%        2d6       6%          4
 Frozen Ramparts          Ice            16%        1d3       13%         3
 Gell's Gravitas          Tloc           8%         N/A       13%         3
 Inner Flame              Hex/Fire       8%         N/A       13%         3
 Summon Ice Beast         Ice/Summ       8%         N/A       13%         3
 Teleport Other           Tloc           8%         N/A       13%         3
 Tukima's Dance           Hex            8%         N/A       13%         3
 Yara's Violent Unravell  Hex/Alch       12%        3d7       17%         5
 Arcjolt                  Conj/Air       11%        1d21      22%         5
 Freezing Cloud           Conj/Ice/Air   9%         6-21      36%         5
 Airstrike                Air            4%         2d(1-17)  38%         4
 Passage of Golubria      Tloc           8%         N/A       38%         4
 Vhi's Electric Charge    Tloc/Air       16%        N/A       38%         4
 Metabolic Englaciation   Hex/Ice        4%         N/A       71%         5
 Summon Mana Viper        Hex/Summ       8%         N/A       71%         5
 Dispersal                Tloc           4%         N/A       99%         6
 Monstrous Menagerie      Summ           4%         N/A       100%        7
 Ignition                 Fire           4%         3d4       100%        8
 Maxwell's Capacitive Co  Air            4%         ∞         100%        8
 Fire Storm               Conj/Fire      11%        8d3       100%        9


Dungeon Overview and Level Annotations

Branches:
Dungeon (12/15)            Temple (1/1) D:5            Lair (2/5) D:9
    Orc (0/2) D:9
  Swamp: Lair:2-3    Shoals: Lair:2-3     Snake: Lair:2-3    Spider: Lair:2-3

Altars:
Ashenzari
Cheibriados
Dithmenos
Fedhas
Gozag
Hepliaklqana
Kikubaaqudgha
Makhleb
Nemelex Xobeh
Okawaru
Qazlal
Ru
Sif Muna
Trog
Uskayaw
Vehumet
Wu Jian
Xom
Yredelemnul
Lugonu

Shops:
D:1 ?   D:8 ?

Annotations:
D:4 2 transporters, tinodrima7020's ghost, amateur AtFi
D:11 3 runed translucent doors, Atlas's ghost, journeyman DsFE


Innate Abilities, Weirdness & Mutations

You are immune to poison.
You have sharp fingernails.
Your flesh is cold resistant. (rC+)
You are immune to negative energy. (rN+++)
You do not regenerate when monsters are visible.
You are immune to unholy pain and torment.
You thrive by killing the living.


Message History

You hit the five-headed hydra.
The five-headed hydra is moderately wounded.
The helpless five-headed hydra fails to defend itself.
You sock the five-headed hydra!
The five-headed hydra is moderately wounded.
The helpless five-headed hydra fails to defend itself.
You sock the five-headed hydra!
The five-headed hydra is moderately wounded.
The helpless five-headed hydra fails to defend itself.
You sock the five-headed hydra!
The five-headed hydra is heavily wounded.
The helpless five-headed hydra fails to defend itself.
You hit the five-headed hydra.
The five-headed hydra is heavily wounded.
The helpless five-headed hydra fails to defend itself.
You hit the five-headed hydra.
The five-headed hydra is heavily wounded.
The helpless five-headed hydra fails to defend itself.
You sock the five-headed hydra!
The five-headed hydra is severely wounded.
The helpless five-headed hydra fails to defend itself.
You hit the five-headed hydra.
The five-headed hydra is severely wounded.
The five-headed hydra is no longer paralysed.
The five-headed hydra bites you but does no damage.
The five-headed hydra bites you!
* * * LOW HITPOINT WARNING * * *
The five-headed hydra bites you but does no damage.
The five-headed hydra completely misses you.
The five-headed hydra bites you but does no damage.
You sock the five-headed hydra!
The five-headed hydra is almost dead.
The five-headed hydra bites you!
* * * LOW HITPOINT WARNING * * *
The five-headed hydra bites you but does no damage.
The five-headed hydra bites you.
* * * LOW HITPOINT WARNING * * *
The five-headed hydra bites you!
You die...
Kikubaaqudgha rasps: "You have failed me!
Welcome... oblivion!"

#####.# ...###.#P.#.P#
### #. #....#.## #
#.......####
#....#....[.
##.P...#..... #.
#..#...#..### #>.
##....#.#.... #
#.#####...........
#.####.#.#.@....###.#.#
.........D.....# ##
.............#.##
#.##...........#
#.....#...#.##
##.####..##.# #.#
#..##.# #..# #.###..
#.#.# #.# ..


You could see a five-headed hydra.

Vanquished Creatures
  Harold (D:10)
  A manticore (D:11)
  A cyclops (D:9)
  2 black mambas
  Joseph (D:7)
  A cane toad (Lair:1)
  2 komodo dragons (D:9)
  A polar bear (Lair:1)
  2 trolls
  A hornet (D:11)
  Prince Ribbit (D:8)
  3 blink frogs (Lair:1)
  2 shadows (D:9)
  A wraith (D:11)
  3 wyverns
  18 yaks
  2 steam dragons
  A fire bat (D:11)
  A basilisk (Lair:2)
  An acid dragon (D:10)
  5 water moccasins
  An orc warrior (D:8)
  3 sky beasts
  A black bear (Lair:2)
  A tengu (D:11)
  A centaur (D:5)
  4 kobold brigands
  A gnoll sergeant (D:10)
  6 bullfrogs
  5 scorpions
  3 wights (D:10)
  16 killer bees
  3 howler monkeys
  4 orc priests
  A hound (D:6)
  Ijyb (D:3)
  5 iguanas
  8 orc wizards
  4 gnolls (D:10)
  7 adders
  A shadow imp (D:6)
  2 white imps (D:7)
  4 ufetubi
  A dart slug (D:3)
  2 ribbon worms (D:4)
  21 orcs
  5 ball pythons
  7 bats
  2 endoplasms (D:2)
  9 giant cockroaches
  12 goblins
  5 hobgoblins
  4 jackals (D:2)
  5 frilled lizards
  23 kobolds
  A rat (D:1)
230 creatures vanquished.

Vanquished Creatures (collateral kills)
  3 yaks (D:9)
3 creatures vanquished.

Vanquished Creatures (others)
  A human (D:8)
  A basilisk zombie (Lair:2)
  A black bear zombie (Lair:2)
  An endoplasm (D:9)
4 creatures vanquished.

Grand Total: 237 creatures vanquished

Notes
Turn   | Place    | Note
-------+----------+-------------------------------------------
     0 | D:1      | whatisthis the Ghoul Alchemist began the quest for the Orb.
     0 | D:1      | Reached XP level 1. HP: 14/14 MP: 3/3
   205 | D:1      | Reached XP level 2. HP: 20/20 MP: 3/5
   600 | D:1      | Found Gavianui's Magic Scroll Boutique.
   760 | D:2      | Reached XP level 3. HP: 26/26 MP: 3/6
   835 | D:2      | Reached skill level 1 in Conjurations
  1248 | D:2      | Reached XP level 4. HP: 33/33 MP: 4/7
  1597 | D:3      | Found an opulent altar of Gozag.
  1597 | D:3      | Found an opulent altar of Gozag.
  1605 | D:3      | Found an opulent altar of Gozag.
  1607 | D:3      | Noticed Ijyb
  1683 | D:3      | Found a radiant altar of Vehumet.
  1839 | D:3      | Found a faded altar of an unknown god.
  1914 | D:3      | Found an opulent altar of Gozag.
  1924 | D:3      | Killed Ijyb
  1925 | D:3      | Reached XP level 5. HP: 20/38 MP: 1/9
  2178 | D:4      | Learned a level 2 spell: Mercury Vapours
  2368 | D:4      | Reached XP level 6. HP: 42/45 MP: 6/11
  2420 | D:4      | Found a transporter.
  2455 | D:4      | Noticed tinodrima7020's ghost (amateur AtFi)
  2466 | D:4      | Found a transporter.
  3031 | D:5      | Entered Level 5 of the Dungeon
  3031 | D:5      | Found a staircase to the Ecumenical Temple.
  3094 | Temple   | Entered the Ecumenical Temple
  3191 | D:5      | Reached XP level 7. HP: 50/50 MP: 9/12
  3742 | D:5      | Reached skill level 5 in Alchemy
  3851 | D:5      | Found a hazy altar of Hepliaklqana.
  3852 | D:5      | Found a shimmering altar of Xom.
  3853 | D:5      | Noticed a spectral ugly thing
  4897 | D:6      | Reached XP level 8. HP: 57/57 MP: 9/15
  5049 | D:7      | Learned a level 3 spell: Mephitic Cloud
  5699 | D:7      | Noticed Joseph
  5713 | D:7      | Reached skill level 5 in Spellcasting
  5724 | D:7      | Killed Joseph
  6168 | D:8      | Reached skill level 5 in Conjurations
  6170 | D:8      | Reached XP level 9. HP: 50/62 MP: 8/17
  6264 | D:8      | Found a shimmering blue altar of Sif Muna.
  6338 | D:8      | Found Nusicee's Magic Scroll Boutique.
  6651 | D:8      | Found a snail-covered altar of Cheibriados.
  6664 | D:8      | Identified the +0 scale mail "Bann" {rC+ Int+4}
  6721 | D:8      | Noticed Prince Ribbit
  6734 | D:8      | Killed Prince Ribbit
  7015 | D:8      | Found an ancient bone altar of Kikubaaqudgha.
  7024 | D:8      | Became a worshipper of Kikubaaqudgha
  7030 | D:8      | Learned a level 4 spell: Olgreb's Toxic Radiance
  7802 | D:9      | Found a staircase to the Orcish Mines.
  8306 | D:9      | Found a staircase to the Lair.
  8339 | D:9      | Noticed a komodo dragon
  8354 | D:9      | Killed a komodo dragon
  8492 | D:9      | Reached XP level 10. HP: 69/69 MP: 20/20
  8538 | D:9      | Noticed a cyclops
  8550 | D:9      | Killed a cyclops
  8693 | D:9      | Identified the +3 leather armour of Lugonu's Grace {Will+}
  8829 | D:9      | Found a basalt altar of Yredelemnul.
  9129 | D:10     | Entered Level 10 of the Dungeon
  9507 | D:10     | Reached * piety under Kikubaaqudgha
  9507 | D:10     | Received a gift from Kikubaaqudgha
  9528 | D:10     | Noticed Harold
  9551 | D:10     | Killed Harold
  9736 | D:10     | Found a burning altar of Makhleb.
  9782 | D:10     | Found a shadowy altar of Dithmenos.
  9817 | D:10     | Found a sparkling altar of Nemelex Xobeh.
 10045 | D:10     | Found a broken altar of Ashenzari.
 10059 | D:10     | Found a hide-covered altar of Uskayaw.
 10203 | D:10     | Reached XP level 11. HP: 68/74 MP: 10/23
 10575 | D:11     | Reached skill level 1 in Fighting
 10690 | D:11     | Reached skill level 1 in Necromancy
 11088 | D:11     | Noticed a deep elf zephyrmancer
 11088 | D:11     | Noticed a boulder beetle
 11091 | D:11     | Found a runed translucent gate.
 11091 | D:11     | Found a runed translucent gate.
 11091 | D:11     | Noticed a cyclops
 11092 | D:11     | Found a runed translucent gate.
 11222 | D:11     | Noticed Atlas's ghost (journeyman DsFE)
 11272 | D:11     | Noticed a manticore
 11279 | D:11     | Killed a manticore
 11380 | D:11     | HP: 2/82 [wraith (10)]
 11991 | D:11     | Learned a level 3 spell: Vampiric Draining
 12019 | D:12     | Noticed a cyclops
 12022 | D:12     | Noticed a deep elf pyromancer
 12022 | D:12     | Noticed a cyclops
 12025 | D:12     | Noticed a boulder beetle
 12326 | Lair:1   | Entered Level 1 of the Lair of Beasts
 12477 | D:9      | HP: 2/82 [yak (9)]
 12873 | D:9      | Learned a level 4 spell: Animate Dead
 13365 | Lair:1   | Reached skill level 5 in Fighting
 13528 | Lair:1   | Got the Catalogue of Calorific Gusts
 13884 | Lair:1   | Reached skill level 5 in Necromancy
 14200 | Lair:2   | Noticed a five-headed hydra
 14267 | Lair:2   | Reached ** piety under Kikubaaqudgha
 14268 | Lair:2   | Reached XP level 12. HP: 82/95 MP: 5/25
 14979 | Lair:2   | Slain by a five-headed hydra

Illustrated notes

Levels and vault maps discovered:
D:1:      mainiacjoe_arrival_reflecting_pool, layout_rooms, serial_shops, shop,
          chequers_mini_garden, minmay_misc_feat_more_columns
D:2:      kennysheep_the_goblin_king, layout_rooms
D:3:      layout_basic, nicolae_vehumet_altar_sigil,
          nicolae_gozag_conspicuous_consumption,
          shapermc_ecumenical_altar_mp_ritualfount, minmay_hedge_maze, uniq_ijyb
D:4:      layout_loops_ring, gammafunk_ghost_arena, serial_bayou_pond_c,
          serial_bayou_pond_d, chequers_arboretum
D:5:      layout_basic, regret_index_temple_of_mockery, tso_oasis_becter,
          minmay_temple_entry_wispy
D:6:      layout_basic
D:7:      layout_loops_ring, mainiacjoe_overflow_boulevard, uniq_joseph
D:8:      layout_basic, nicolae_sif_muna_condensation, kennysheep_mini,
          tgw_kikubaaqudgha, serial_shops, shop, uniq_prince_ribbit1
D:9:      layout_cave_pools, old_standard_altar, david_lair_shrubbed,
          orc_0_dummy
D:10:     layout_loops_ring, nicolae_dithmenos_the_darkroom,
          mainiacjoe_overflow_alcove_4, mainiacjoe_overflow_tiny_flanked,
          jmf_multi_god_temple2, uniq_harold
D:11:     layout_loops_corners, gammafunk_ghost_split, st_stairs_5
D:12:     layout_loops_cross, nicolae_trove_entry_crossroad
Temple:   corrupted_temple
Lair:1:   layout_hall_layers
Lair:2:   layout_loops_ring, elwin_shoals_entry_rooms,
          chequers_serial_rivers_room_a

Skill      XL: |  1  2  3  4  5  6  7  8  9 10 11 12 |
---------------+-------------------------------------+-----
Spellcasting   | 2 3 4 5 7 8 9 |  9.6
Alchemy        | 3 4 5 6 7 9 |  9.2
Conjurations   | 1 2 3 4 5 6 7 |  7.9
Fighting       | 5 6 |  6.0
Necromancy     | 5 |  5.3
Dodging        | |  1.7
Stealth        | |  2.1

Action                     |  1- 3 |  4- 6 |  7- 9 | 10-12 || total
---------------------------+-------+-------+-------+-------++-------
  Melee: Unarmed           |    13 |       |       |       ||    13
         Quarterstaff      |    24 |    62 |   106 |   110 ||   302
  Throw: Boomerang         |       |       |       |     6 ||     6
   Cast: Sting             |    44 |    79 |   128 |   158 ||   409
         Mercury Vapours   |       |       |    39 |    15 ||    54
         Mephitic Cloud    |       |       |    12 |    26 ||    38
         Olgreb's Toxic Ra |       |       |    10 |    35 ||    45
         Vampiric Draining |       |       |       |    20 ||    20
         Animate Dead      |       |       |       |     6 ||     6
 Invoke: Unearth Wretches  |       |       |       |     1 ||     1
  Evoke: Wand              |       |       |     7 |    32 ||    39
    Use: Scroll            |       |       |       |    14 ||    14
   Stab: Sleeping          |     1 |       |       |       ||     1
         Confused          |       |       |     1 |     1 ||     2
         Distracted        |       |       |       |     1 ||     1
         Paralysed         |       |       |       |    14 ||    14
 Armour: Robe              |    31 |    15 |       |       ||    46
         Leather armour    |       |    51 |    55 |   274 ||   380
         Steam dragon scal |       |       |    69 |     9 ||    78
  Dodge: Dodged            |    22 |    56 |    91 |   158 ||   327

Table legend: (Time is in decaauts)
 A = Elapsed time spent in this place.
 B = Non-inter-level travel time spent in this place.
 C = Inter-level travel time spent in this place.
 D = Time resting spent in this place.
 E = Time spent auto-exploring this place.
 F = Levels seen in this place.
 G = Mean time per level.
                   A        B        C        D        E       F      G
               +--------+--------+--------+--------+--------+-----+--------+
         Total |  15117 |  14413 |    704 |   4437 |   6992 |  15 | 1007.8 |
       Dungeon |  13312 |  12704 |    608 |   3766 |   6501 |  12 | 1109.3 |
        Temple |     28 |     19 |      9 |      0 |      0 |   1 |   28.0 |
          Lair |   1776 |   1689 |     87 |    671 |    491 |   2 |  888.0 |
               +--------+--------+--------+--------+--------+-----+--------+

Top non-repeatable levels by time:
     D:9: 2281 daAuts
    D:11: 1857 daAuts
     D:8: 1666 daAuts
    D:10: 1232 daAuts
  Lair:1: 1185 daAuts
     D:7: 1113 daAuts
     D:6: 1066 daAuts
     D:5: 930 daAuts
     D:4: 891 daAuts
     D:1: 747 daAuts
     D:2: 722 daAuts
     D:3: 703 daAuts
  Lair:2: 590 daAuts
    D:12: 101 daAuts
  Temple: 28 daAuts
